 Dungeon Crawl Stone Soup version 0.32-a0-871-ge202e49faa (webtiles) character file.

Game seed: 13207685873847036309

5987 kae the Carver (level 10, -30/114 HPs)
             Began as a Coglin Gladiator on Mar 29, 2024.
             Was an Elder of Okawaru.
             Annihilated by an orc knight
             ... wielding a +4 halberd
              (32 damage)
             ... in a bailey.
             The game lasted 00:07:46 (8314 turns).

kae the Carver (Coglin Gladiator)                   Turns: 8314, Time: 00:07:47

Health: -30/114    AC: 21    Str: 16    XL:     10   Next: 85%
Magic:  11/13      EV: 12    Int:  7    God:    Okawaru [****..]
Gold:   169        SH:  0    Dex: 19    Spells: 9/9 levels left

rFire   . . .        a - +0 long sword (protect) {Ai}
rCold   . . .        B - +2 falchion {Yejun}
rNeg    . . .        z - +2 scale mail of the Bulwark {rElec Regen+}
rPois   .            G - +1 helmet {SInv}
rElec   +            q - scarf {shadows}
rCorr   .            j - +2 pair of gloves
SInv    +            (no boots)
Will    .....        (amulet unavailable) Stlth
                     (ring unavailable)
HPRegen 1.19/turn    (ring unavailable)
MPRegen 0.13/turn    (no gizmo)

%: no passive effects
@: mighty, berserking, heroic, under a protective aura, studying Fighting,
revving, very quick
A: off-hand wielding, slow wielding, warmup strikes, no jewellery
a: Invent Gizmo, Renounce Religion, Heroism, Finesse


You were in a bailey.
You worshipped Okawaru.
Okawaru was greatly pleased with you.
You visited 2 branches of the dungeon, and saw 10 of its levels.
You also visited: Bailey.

You collected 394 gold pieces.
You spent 225 gold pieces at shops.


Innate Abilities, Weirdness & Mutations

You can wield a second weapon in your off-hand.
It takes a long time for you to wield or remove held weapons.
Your first few attacks do less damage.
You cannot equip rings or amulets.


   Skills:
 + Level 6.0(11.0) Fighting
 - Level 14.0(19.0) Long Blades
 - Level 1.7(6.7) Throwing
 - Level 2.6(7.6) Dodging
 + Level 4.5 Invocations


You had 9 spell levels left.
You didn't know any spells.
Your spell library contained the following spells:

 Spells                   Type           Power      Damage    Failure   Level
 Apportation              Tloc           0%         N/A       83%         1
 Foxfire                  Conj/Fire      0%         2x1d4     83%         1
 Necrotise                Necr           0%         1d4       83%         1
 Sting                    Conj/Alch      0%         1d3       83%         1
 Teleport Other           Tloc           0%         N/A       99%         3
 Dispersal                Tloc           0%         N/A       100%        6
 Gell's Gavotte           Tloc           0%         2d(11-16) 100%        6
 Plasma Beam              Fire/Air       0%         2x1d10    100%        6
 Starburst                Conj/Fire      0%         6d3       100%        6
 Summon Small Mammal      Summ           Unusable   N/A       N/A         1
 Animate Dead             Necr           Unusable   N/A       N/A         4
 Haunt                    Necr/Summ      Unusable   N/A       N/A         7
 Infestation              Necr           Unusable   N/A       N/A         8

Inventory:

Hand Weapons
 a - a +0 long sword of protection (weapon) {Ai}
 f - a +0 dagger {Mizue}
 k - a +0 falchion {Kagemori}
   (You found it on level 1 of the Dungeon)
 B - a +2 falchion (offhand) {Yejun}
   (You took it off a wight on level 7 of the Dungeon)
Missiles
 b - 6 silver javelins
 d - 4 throwing nets (quivered) {=f!f}
 e - a javelin
 r - 4 boomerangs
 s - 6 atropa-tipped darts
 w - 12 poisoned darts
Armour
 j - a +2 pair of gloves (worn)
   (You found it on level 1 of the Dungeon)
 q - a scarf of shadows (worn)
   (You found it on level 2 of the Dungeon)
 z - the +2 scale mail of the Bulwark (worn) {rElec Regen+}
   (You bought it in a shop on level 4 of the Dungeon)

   rElec:     It insulates you from electricity.
   Regen+:    It increases your rate of health regeneration.
 G - a +1 helmet of see invisible (worn)
   (You acquired it on level 8 of the Dungeon)
Magical Staves
 h - a staff of fire {!a}
   (You found it on level 1 of the Dungeon)
Jewellery
 C - a ring of ice
   (You found it on level 1 of the Dungeon)
Wands
 y - a wand of paralysis (10)
   (You found it on level 5 of the Dungeon)
 F - a wand of roots (20)
   (You took it off a wight on level 7 of the Dungeon)
 H - a wand of flame (7)
   (You took it off Maggie on level 8 of the Dungeon)
 I - a wand of acid (5)
   (You took it off Amaemon on level 8 of the Dungeon)
 J - a wand of digging (5)
   (You found it on level 8 of the Dungeon)
Scrolls
 v - a scroll of teleportation {@r4}
 A - a scroll of torment {!r}
 E - a scroll of poison {!r}
Potions
 l - 3 potions of ambrosia {unknown}
 m - a potion of mutation {!q}
 n - a potion of brilliance {unknown}
 o - 2 potions of heal wounds {unknown}
 p - a potion of curing {@q1}
 t - 4 potions of enlightenment {unknown}
 u - 2 potions of attraction {unknown}
 x - 2 potions of magic {unknown}
 L - a potion of cancellation {unknown}

Dungeon Overview and Level Annotations

Branches:
Dungeon (9/15) Zot: 26783  Temple (1/1) D:6 Zot: 5998     Orc (0/2) D:9
 Bailey (1/1) Zot: 5669
   Lair: D:8-11

Altars:
Ashenzari
Cheibriados
Dithmenos
Elyvilon
Fedhas
Gozag
Hepliaklqana
Kikubaaqudgha
Makhleb
Nemelex Xobeh
Okawaru
Qazlal
Ru
Trog
Uskayaw
Vehumet
Wu Jian
Xom
Yredelemnul
Zin
The Shining One
Lugonu

Shops:
D:4 ([ D:7

:?
...≈≈.≈≈≈...#########...≈≈≈.≈≈...
...........##.......##...........
..........##..#'#'#..##..........
..........#..##)#.##..#..........
.........##.#########.##.........
.........##.')#).!#.'.##.........
.........##.###.ß.###.##.........
.........##.'.#.oo#.'.##.........
.........##.####@####.##.........
.........##..##o.∩##..#..........
.............##'''#..##..........
.............##.....##...........
...≈≈.≈≈≈....##....##...≈≈≈.≈≈...
..≈≈#.##≈....#######....≈##.#≈≈..
..≈##.∩#≈...............≈#∩.##≈..
..≈#....))...............))..#≈..
..≈##.##≈)..............≈##.##≈..


You could see 2 orc knights and an orc warrior (strong).


Message History

An orc warrior is nearby!
An orc warrior is nearby!
An orc warrior is nearby!
An orc warrior is nearby!
The orc warrior closely misses you.
There is an open door here. 😕 HP[+1]
You hit the orc warrior but do no damage.
Your weapon exudes an aura of protection.
You hit the orc warrior with your +2 falchion.
You slash the orc warrior with your +0 long sword of protection!
You hit the orc warrior with your +2 falchion.
The orc warrior barely misses you. 😕 HP[+1]
You slash the orc warrior with your +2 falchion!
You hit the orc warrior but do no damage.
The orc warrior closely misses you. 😕 HP[+1]
You slash the orc warrior with your +0 long sword of protection!
You barely miss the orc warrior with your +2 falchion.
You hit the orc warrior but do no damage.
You closely miss the orc warrior with your +0 long sword of protection.
The orc warrior hits you but does no damage. 😕 HP[+2]
You regained 2 hp, and now have 72/76 hp.
You barely miss the orc warrior with your +0 long sword of protection.
You slash the orc warrior with your +2 falchion!
You kill the orc warrior!
Okawaru accepts your kill.
Your Fighting skill increases to level 6!
Things that are here:
a +0 trident; a +0 scale mail; 😕 HP[+1]
You start resting. 😎 HP[+3]
Your hp is fully restored (76).
There is an open door here.
You open the door.
There is an open door here.
There is an open door here.
You open the door. You open the door. You open the gate.
Found two gates leading back out of this place.
There is an open gate here.
You pick up a manual of Fighting {!d} and begin studying.
You open the door.
An orc warrior and 2 orc knights come into view.
The orc knight shouts! x2
The orc knight roars a battlecry!
The orcs go into a battle-frenzy!
There are monsters nearby!
Okay, then.
You gain the combat prowess of a mighty hero.
The orc knight hits you but does no damage. 😎 MP[-2]
You lost 2 mp, and now have 11/13 mp.
The orc knight roars a battlecry!
The orc knight goes into a battle-frenzy!
There is an open gate here.
You feel very mighty all of a sudden.
The orc knight hits you from afar with a +0 trident!! 😮 HP[-19]
You take 19 damage, and now have 57/76 hp.
MASSIVE DAMAGE!! (PAUSE)
A red film seems to cover your vision as you go berserk!
You feel yourself moving faster!
You feel mighty!
The orc knight hits you from afar with a +0 trident!!
* * * LOW HITPOINT WARNING * * *
😨 HP[-1]
You now have 114 max hp (+38).
You feel a strong urge to attack something. 😨 HP[+1]
You hit the orc knight but do no damage. x2
Your weapon exudes an aura of protection.
The orc warrior hits you but does no damage.
The orc knight closely misses you.
Unknown command.
The orc knight hits you with a +0 trident.
* * * LOW HITPOINT WARNING * * *
The orc warrior misses you.
The orc knight hits you with a +4 halberd!!
* * * LOW HITPOINT WARNING * * *
There is an open door, spattered with blood here. 😨 HP[-27]
You take 27 damage, and now have 30/114 hp.
MASSIVE DAMAGE!! (PAUSE)
You hit the orc knight but do no damage.
You slash the orc knight with your +2 falchion!
Unknown command.
You barely miss the orc knight with your +0 long sword of protection.
You hit the orc knight with your +2 falchion. 😨 HP[+1]
You slash the orc knight with your +0 long sword of protection!
You slash the orc knight with your +2 falchion!
The orc knight hits you with a +0 trident!
* * * LOW HITPOINT WARNING * * *
The orc warrior hits you with a +0 glaive!
* * * LOW HITPOINT WARNING * * *
The orc knight hits you with a +4 halberd!!
You die...

Skill      XL: |  1  2  3  4  5  6  7  8  9 10 |
---------------+-------------------------------+-----
Long Blades    | 4 5 6 7 9 11 13 14 | 14.0
Fighting       | 6 |  6.0
Invocations    | 4 |  4.5
Throwing       | |  1.7
Dodging        | |  2.6

Action                     |  1- 3 |  4- 6 |  7- 9 | 10-12 || total
---------------------------+-------+-------+-------+-------++-------
  Melee: Long sword        |    73 |    59 |   303 |   183 ||   618
         Dagger            |    26 |       |       |       ||    26
         Falchion          |    39 |    53 |   292 |   182 ||   566
 Invoke: Heroism           |       |       |       |     2 ||     2
  Evoke: Wand              |       |       |     1 |       ||     1
    Use: Scroll            |     3 |     4 |     6 |     3 ||    16
         Potion            |       |       |       |     2 ||     2
   Stab: Sleeping          |     4 |     1 |       |       ||     5
         Paralysed         |       |       |     8 |       ||     8
 Armour: Leather armour    |    35 |    41 |    79 |       ||   155
         Scale mail        |       |       |   119 |   159 ||   278
  Dodge: Dodged            |    50 |    45 |   137 |   123 ||   355

Levels and vault maps discovered:
D:1:      onia_arrival_handbag, layout_loops_ring, corner_web_ring,
          solitary_fountain, minmay_3d_cube
D:2:      layout_loops_cross, basic_altar
D:3:      layout_loops_cross, riverfiend_overflow_shadow_ancestor
D:4:      cheibrodos_greedy_goblins, layout_cave_pools,
          nicolae_overflow_two_pavilions, mainiacjoe_overflow_alcove_1,
          serial_shops, nicolae_shop_bloodbath_and_beyond,
          nicolae_inconvenience_store, st_stairs_10,
          nicolae_twisty_statue_hallways
D:5:      layout_layer_cave, gammafunk_temple_overflow_pools,
          mainiacjoe_overflow_catwalk
D:6:      layout_rooms, okawaru_ov_weapons_minmay,
          mainiacjoe_overflow_small_starburst, minmay_temple_entry_hall,
          serial_rivers, chequers_serial_rivers_micro_b,
          chequers_serial_rivers_large_b, chequers_serial_rivers_room_a,
          chequers_serial_rivers_small_a, chequers_serial_rivers_small_3,
          grunt_decor_clamped, uniq_edmund
D:7:      layout_loops_ring, mainiacjoe_overflow_concentric_impassable,
          nicolae_shop_i_like_small_books_too, grunt_decor_mini_mirrors,
          nicolae_nh_oracle_at_delphi, uniq_joseph
D:8:      layout_loops_corners, mainiacjoe_overflow_tiny_flanked,
          kennysheep_slug_shrine, marbit_many_paths, uniq_maggie, uniq_amaemon
D:9:      layout_roguey, orc_0_dummy, enter_bailey_4, minivault_16, minivault_7,
          uniq_psyche
Temple:   corrupted_temple
Bailey:   bailey_polearm_2, bailey

Notes
Turn   | Place    | Note
-------+----------+-------------------------------------------
     0 | D:1      | kae the Coglin Gladiator began the quest for the Orb.
     0 | D:1      | Reached XP level 1. HP: 16/16 MP: 1/1
     0 | D:1      | magus.rc [v1.11.3]
   104 | D:1      | Reached XP level 2. HP: 18/22 MP: 2/2
   457 | D:1      | Reached skill level 4 in Long Blades
   459 | D:1      | Reached XP level 3. HP: 27/27 MP: 3/3
  1092 | D:2      | Found a stormy altar of Qazlal.
  1471 | D:3      | Reached XP level 4. HP: 31/33 MP: 4/4
  1666 | D:3      | Noticed a scorpion
  1673 | D:3      | Killed a scorpion
  1674 | D:3      | Reached skill level 5 in Long Blades
  1674 | D:3      | Reached XP level 5. HP: 38/38 MP: 5/5
  1914 | D:3      | Found a hazy altar of Hepliaklqana.
  1915 | D:3      | Found a shadowy altar of Dithmenos.
  1916 | D:3      | Noticed a shadow
  2169 | D:4      | You fall into a shaft and drop 3 floors!
  2188 | D:7      | Reached skill level 6 in Long Blades
  2280 | D:7      | Reached XP level 6. HP: 28/44 MP: 6/6
  2366 | D:7      | Noticed a steam dragon
  2397 | D:7      | Reached skill level 7 in Long Blades
  2558 | D:7      | HP: 7/44 [steam dragon (8)]
  2560 | D:7      | Killed a steam dragon
  2561 | D:7      | Reached XP level 7. HP: 5/50 MP: 7/7
  2738 | D:6      | Reached skill level 8 in Long Blades
  2742 | D:6      | Noticed Edmund
  3025 | D:7      | Found Feuxka's Tiny Tomes.
  3103 | D:7      | HP: 10/50 [poisoned by a water moccasin]
  3108 | D:7      | HP: 5/50 [poisoned by a water moccasin]
  3305 | D:7      | You pick up a book of Death and begin reading...
  3305 | D:7      | You add the spells Animate Dead, Haunt and Infestation to
                  | your library.
  3319 | D:7      | Reached skill level 9 in Long Blades
  3333 | D:7      | You pick up a book of Fire and begin reading...
  3333 | D:7      | You add the spells Foxfire, Plasma Beam and Starburst to
                  | your library.
  3339 | D:7      | Found The Oracle's Delphic Readings.
  3394 | D:5      | Entered Level 5 of the Dungeon
  3417 | D:5      | Found a blossoming altar of Fedhas.
  3429 | D:5      | Reached XP level 8. HP: 56/56 MP: 8/8
  3811 | D:4      | Found Henamniu's Weapon Boutique.
  4178 | D:4      | Reached skill level 10 in Long Blades
  4255 | D:4      | Found a hide-covered altar of Uskayaw.
  4255 | D:4      | Found a shimmering altar of Xom.
  4319 | D:4      | You pick up a book of Cantrips and begin reading...
  4319 | D:4      | You add the spells Sting, Necrotise, Summon Small Mammal
                  | and Apportation to your library.
  4342 | D:4      | Found Onaiclet's Antique Armour Boutique.
  4386 | D:4      | Bought a faintly humming scale mail for 225 gold pieces
  4386 | D:4      | Identified the +2 scale mail of the Bulwark {rElec Regen+}
                  | (You bought it in a shop on level 4 of the Dungeon)
  4555 | D:4      | Found an ornate altar of the Wu Jian Council.
  4621 | D:5      | Found a sparkling altar of Nemelex Xobeh.
  4621 | D:5      | Found an ancient bone altar of Kikubaaqudgha.
  4863 | D:5      | HP: 9/56 [centaur/arrow (7)]
  4868 | D:5      | HP: 10/56 [centaur (4)]
  4964 | D:5      | Reached skill level 11 in Long Blades
  5476 | D:6      | Found a staircase to the Ecumenical Temple.
  5487 | D:6      | Killed Edmund
  5488 | D:6      | Reached XP level 9. HP: 52/59 MP: 9/9
  5510 | Temple   | Entered the Ecumenical Temple
  5560 | D:6      | Found a white marble altar of Elyvilon.
  5628 | D:6      | Found an iron altar of Okawaru.
  5633 | D:6      | Reached skill level 12 in Long Blades
  5862 | D:6      | Became a worshipper of Warmaster Okawaru
  6232 | D:7      | Noticed Joseph
  6248 | D:7      | Killed Joseph
  6257 | D:7      | Reached * piety under Okawaru
  6313 | D:7      | Reached skill level 13 in Long Blades
  6356 | D:7      | Found a glowing golden altar of the Shining One.
  6741 | D:8      | Identified the +0 robe of the Old World {Will+}
  6768 | D:8      | Found an opulent altar of Gozag.
  6860 | D:8      | You add the spells Teleport Other, Gell's Gavotte and
                  | Dispersal to your library.
  6938 | D:8      | Found a snail-covered altar of Cheibriados.
  6939 | D:8      | Noticed Maggie
  6963 | D:8      | Killed Maggie
  6963 | D:8      | Reached ** piety under Okawaru
  6964 | D:8      | Reached XP level 10. HP: 62/67 MP: 10/10
  7011 | D:8      | Reached skill level 14 in Long Blades
  7074 | D:8      | Noticed Amaemon
  7109 | D:8      | Killed Amaemon
  7110 | D:8      | Reached skill level 3 in Fighting
  7110 | D:8      | Reached skill level 2 in Invocations
  7175 | D:8      | Noticed an orange demon
  7183 | D:8      | Killed an orange demon
  7234 | D:8      | Reached *** piety under Okawaru
  7321 | D:8      | Reached skill level 4 in Fighting
  7341 | D:8      | Reached skill level 3 in Invocations
  7648 | D:8      | Found a glowing silver altar of Zin.
  7676 | D:8      | Identified a scroll of acquirement
  7676 | D:8      | Acquired a +1 helmet of see invisible
  7842 | D:9      | Found a staircase to the Orcish Mines.
  7898 | D:9      | Reached skill level 5 in Fighting
  7942 | D:9      | Identified the +3 leather armour "Hotaibli" {rC- Str+8
                  | Int-4 Dex+4}
  7946 | D:9      | Found a flagged portal.
  7958 | Bailey   | Entered a bailey
  7984 | Bailey   | Reached skill level 4 in Invocations
  8180 | Bailey   | Reached **** piety under Okawaru
  8273 | Bailey   | Reached skill level 6 in Fighting
  8304 | Bailey   | Identified a +0 crystal plate armour
  8304 | Bailey   | Noticed an orc knight
  8304 | Bailey   | Noticed an orc knight
  8314 | Bailey   | HP: 15/114 [orc knight/+0 trident (16)]
  8314 | Bailey   | HP: 2/114 [orc warrior/+0 glaive (13)]
  8314 | Bailey   | Annihilated by an orc knight

Vanquished Creatures
  Amaemon (D:8)
  Joseph (D:7)
  Maggie (D:8)
  An orange demon (D:8)
  A troll (D:9)
  2 steam dragons
  Edmund (D:6)
  2 acid dragons (D:9)
  2 water moccasins
  7 orc warriors (Bailey)
  An ice beast (D:8)
  3 centaurs
  2 kobold brigands
  2 phantoms (D:5)
  A bullfrog (D:6)
  A gnoll sergeant (D:8)
  7 scorpions
  9 wights (D:7)
  5 killer bees (D:8)
  A howler monkey (D:9)
  4 hounds
  3 jellies
  2 orc priests
  A bombardier beetle (D:6)
  2 sleepcaps
  A gnoll bouda (D:5)
  An iguana (D:5)
  7 orc wizards
  18 gnolls
  8 adders
  A shadow imp (D:6)
  2 white imps
  5 dart slugs
  30 orcs
  7 ball pythons
  10 endoplasms
  3 giant cockroaches
  13 goblins
  12 hobgoblins
  5 jackals
  6 quokkas
  7 bats
  A frilled lizard (D:3)
  16 kobolds
  7 rats
223 creatures vanquished.

Table legend:
 A = Non-vault XP
 B = Vault XP
 C = Vault XP percentage of total XP
 D = Non-vault monster count
 E = Vault monster count
 F = Vault count percentage of total count
                 A         B        C        D         E       F
            +---------+---------+-------+---------+---------+-------
      Total |    5264 |    3289 |  38.5 |     172 |      51 |  22.9
            +---------+---------+-------+---------+---------+-------
        D:1 |      42 |      14 |  25.0 |      25 |       8 |  24.2
        D:2 |      23 |       0 |   0.0 |      13 |       0 |   0.0
        D:3 |     108 |       0 |   0.0 |       9 |       0 |   0.0
        D:4 |     201 |      27 |  11.8 |      22 |      14 |  38.9
        D:5 |     948 |       0 |   0.0 |      27 |       0 |   0.0
        D:6 |     493 |     162 |  24.7 |      10 |       1 |   9.1
        D:7 |    1485 |     495 |  25.0 |      31 |       3 |   8.8
        D:8 |     856 |    1617 |  65.4 |      25 |       5 |  16.7
        D:9 |    1108 |      11 |   1.0 |      10 |       5 |  33.3
     Bailey |       0 |     963 | 100.0 |       0 |      15 | 100.0
            +---------+---------+-------+---------+---------+-------

Skill      XL: |  1  2  3  4  5  6  7  8  9 10 |
---------------+-------------------------------+-----
Long Blades    | 4 5 6 7 9 11 13 14 | 14.0
Fighting       | 6 |  6.0
Invocations    | 4 |  4.5
Throwing       | |  1.7
Dodging        | |  2.6

Action                     |  1- 3 |  4- 6 |  7- 9 | 10-12 || total
---------------------------+-------+-------+-------+-------++-------
  Melee: Long sword        |    73 |    59 |   303 |   183 ||   618
         Dagger            |    26 |       |       |       ||    26
         Falchion          |    39 |    53 |   292 |   182 ||   566
 Invoke: Heroism           |       |       |       |     2 ||     2
  Evoke: Wand              |       |       |     1 |       ||     1
    Use: Scroll            |     3 |     4 |     6 |     3 ||    16
         Potion            |       |       |       |     2 ||     2
   Stab: Sleeping          |     4 |     1 |       |       ||     5
         Paralysed         |       |       |     8 |       ||     8
 Armour: Leather armour    |    35 |    41 |    79 |       ||   155
         Scale mail        |       |       |   119 |   159 ||   278
  Dodge: Dodged            |    50 |    45 |   137 |   123 ||   355

Illustrated notes

Table legend:
 A = Kills in this place as a percentage of kills in the entire game.
 B = Kills by you in this place as a percentage of kills by you in the entire game.
 C = Kills by friends in this place as a percentage of kills by friends in the entire game.
 D = Other kills in this place as a percentage of other kills in the entire game.
 E = Experience gained in this place as a percentage of experience gained in the entire game.
 F = Experience gained in this place divided by the number of levels of this place that you have seen.
                   A       B       C       D       E      F
               +-------+-------+-------+-------+-------+----------------------
         Total | 100.0 | 100.0 |   N/A |   N/A | 100.0 | 777.5
       Dungeon |  93.3 |  93.3 |   N/A |   N/A |  88.7 | 843.3
        Bailey |   6.7 |   6.7 |   N/A |   N/A |  11.3 | 963.0
               +-------+-------+-------+-------+-------+----------------------

Table legend: (Time is in decaauts)
 A = Elapsed time spent in this place.
 B = Non-inter-level travel time spent in this place.
 C = Inter-level travel time spent in this place.
 D = Time resting spent in this place.
 E = Time spent auto-exploring this place.
 F = Levels seen in this place.
 G = Mean time per level.
                   A        B        C        D        E       F      G
               +--------+--------+--------+--------+--------+-----+--------+
         Total |   8240 |   7977 |    263 |    645 |   5730 |  11 |  749.1 |
       Dungeon |   7908 |   7646 |    262 |    609 |   5593 |   9 |  878.7 |
        Temple |      1 |      0 |      1 |      0 |      0 |   1 |    1.0 |
        Bailey |    330 |    330 |      0 |     36 |    137 |   1 |  330.0 |
               +--------+--------+--------+--------+--------+-----+--------+

Top non-repeatable levels by time:
     D:7: 1590 daAuts
     D:5: 1141 daAuts
     D:8: 1083 daAuts
     D:4: 931 daAuts
     D:6: 893 daAuts
     D:1: 808 daAuts
     D:3: 651 daAuts
     D:2: 590 daAuts
  Bailey: 330 daAuts
     D:9: 216 daAuts
  Temple: 1 daAuts
